 Dungeon Crawl Stone Soup version 0.31-a0-198-g2ad674f65e (webtiles) character file.

Game seed: 13469156411822383121

389 qw the Skirmisher (level 6, -2/35 HPs)
             Began as a Deep Elf Hunter on June 25, 2023.
             Slain by a gnoll
             ... wielding a +0 whip
             ... led by a gnoll bouda
              (6 damage)
             ... on level 4 of the Dungeon.
             The game lasted 00:01:04 (2463 turns).

qw the Skirmisher (Deep Elf Hunter)                 Turns: 2463, Time: 00:01:04

Health: -2/35      AC:  5    Str: 10    XL:     6   Next: 49%
Magic:  8/8        EV: 11    Int: 14    God:
Gold:   170        SH:  0    Dex: 18    Spells: 5/5 levels left

rFire   . . .        Y - +1 shortbow (freeze)
rCold   . . .        (shield currently unavailable)
rNeg    . . .        h - +0 ring mail
rPois   .            (no helmet)
rElec   .            (no cloak)
rCorr   .            (no gloves)
SInv    .            (no boots)
Will    .....        (no amulet)
Stlth   +            (no ring)
HPRegen 0.25/turn    (no ring)
MPRegen 0.11/turn

%: no passive effects
@: no status effects
A: no striking features
a: no special abilities


You were on level 4 of the Dungeon.
You visited 1 branch of the dungeon, and saw 4 of its levels.

You collected 220 gold pieces.
You spent 50 gold pieces at shops.


   Skills:
 - Level 2.2 Fighting
 - Level 10.0 Ranged Weapons
 + Level 2.6 Dodging
 - Level 1.2 Stealth


You had 5 spell levels left.
You didn't know any spells.
Your spell library was empty.

Inventory:

Hand Weapons
 Y - a +1 shortbow of freezing (weapon)
Armour
 h - a +0 ring mail (worn)
Wands
 g - a wand of digging (7)
Potions
 a - a potion of curing
 b - a potion of mutation {unknown}
 e - a potion of degeneration {unknown}
 f - a potion of brilliance {unknown}
 i - a potion of might
 l - a potion of attraction {unknown}

Dungeon Overview and Level Annotations

Branches:
Dungeon (4/15)
 Temple: D:4-7

Altars:
Hepliaklqana
Trog

Shops:
D:2 *

Annotations:
D:3 Natasha


Message History

The gnoll is lightly wounded.
The gnoll hits you with a +0 halberd.
You shoot an arrow.
The arrow hits the gnoll but does no damage.
The gnoll is lightly wounded.
The gnoll hits you with a +0 halberd!
You shoot an arrow. The arrow closely misses the gnoll.
The gnoll hits you with a +0 halberd.
You shoot an arrow. The arrow hits the gnoll.
The arrow freezes the gnoll.
The gnoll is heavily wounded.
The gnoll barely misses you.
You shoot an arrow. The arrow closely misses the gnoll.
The gnoll hits you with a +0 halberd!
You shoot an arrow. The arrow closely misses the gnoll.
The gnoll barely misses you.
You shoot an arrow. The arrow hits the gnoll.
The arrow freezes the gnoll.
The gnoll is almost dead.
The gnoll barely misses you.
You shoot an arrow. The arrow closely misses the gnoll.
A gnoll comes into view. It is wielding a +0 whip.
The gnoll closely misses you.
You shoot an arrow. The arrow hits the gnoll!
The arrow freezes the gnoll.
You kill the gnoll!
You hear a shout!
2459 ||| FLEEEEING.
A gnoll comes into view. It is wielding a +0 halberd.
You shoot an arrow. The arrow hits the gnoll.
The arrow freezes the gnoll.
The gnoll is lightly wounded.
You shoot an arrow.
The arrow hits the gnoll but does no damage.
The gnoll is lightly wounded.
You shoot an arrow. The arrow barely misses the gnoll.
The arrow hits the gnoll.
The arrow freezes the gnoll.
The gnoll is heavily wounded.
The gnoll hits you with a +0 whip! The gnoll hits you but does no damage.
You shoot an arrow.
The arrow hits the gnoll but does no damage.
The gnoll is lightly wounded.
The gnoll hits you with a +0 whip.
You die...

#. ### ######### #. ..#
#.......# .. #.#
#.#####.## .## #<#
#.##.......# ..
#.####@##.##.##.### #.
#.##)g....##......#
##.#.##.##g#.......##.#.#
#.$........#######.##.#.#
#..#g####.## #.##.#.# #
#$ #.# #.##.#.# .. #..
#......# .#) #...
####.### ..#. ..... #..#


You could see 2 gnolls.

Vanquished Creatures
  Grinder (D:3)
  A gnoll bouda (D:4)
  2 gnolls (D:4)
  6 adders
  2 worms (D:2)
  4 dart slugs
  4 ball pythons
  5 endoplasms
  5 giant cockroaches
  10 goblins
  3 hobgoblins
  5 jackals
  6 kobolds
  2 quokkas
  5 bats
  4 frilled lizards
  5 rats
70 creatures vanquished.

Notes
Turn   | Place    | Note
-------+----------+-------------------------------------------
     0 | D:1      | qw the Deep Elf Hunter began the quest for the Orb.
     0 | D:1      | Reached XP level 1. HP: 12/12 MP: 3/3
     0 | D:1      | 0 ||| qw: Version: 0.3-a-22-g0ed2b0b
     0 | D:1      | 0 ||| qw: Game counter: 5294
     0 | D:1      | 0 ||| qw: Melee chars always use a shield: true
     0 | D:1      | 0 ||| qw: God list: Okawaru
     0 | D:1      | 0 ||| qw: Allow faded altars: false
     0 | D:1      | 0 ||| qw: Do Orc after clearing Dungeon:15 true
     0 | D:1      | 0 ||| qw: Do second Lair branch before Depths: true
     0 | D:1      | 0 ||| qw: Lair rune preference: random
     0 | D:1      | 0 ||| qw: Goals: Normal
     0 | D:1      | 0 ||| PLANNING D:1-11
    25 | D:1      | 25 ||| DROPPING scroll of butterflies.
    63 | D:1      | Reached XP level 2. HP: 13/16 MP: 4/4
    92 | D:1      | Reached skill level 6 in Ranged Weapons
   272 | D:1      | Reached XP level 3. HP: 20/20 MP: 5/5
   910 | D:2      | Reached skill level 7 in Ranged Weapons
  1020 | D:2      | Found a bloodstained altar of Trog.
  1163 | D:2      | Reached XP level 4. HP: 25/25 MP: 6/6
  1275 | D:2      | Found Tozoarphagg's General Store.
  1282 | D:2      | 1282 ||| SHOPLISTING +4 ring of protection (360 gold, have
                  | 138).
  1282 | D:2      | 1282 ||| BUYING potion of heal wounds (50 gold).
  1282 | D:2      | Bought a potion of heal wounds for 50 gold pieces
  1622 | D:2      | 1622 ||| READING scroll labelled WEOJUOH QEFU.
  1623 | D:2      | 1623 ||| READING scroll labelled IPPUGORPHEA.
  1624 | D:2      | 1624 ||| DRINKING 2 glowing clear potions.
  1945 | D:3      | Reached skill level 8 in Ranged Weapons
  1986 | D:3      | Found a faded altar of an unknown god.
  1986 | D:3      | Noticed Natasha
  2057 | D:3      | Noticed Grinder
  2063 | D:3      | Paralysed by Grinder for 4 turns
  2067 | D:3      | HP: 4/25 [Grinder (5)]
  2068 | D:3      | 2068 ||| DRINKING potion of heal wounds.
  2070 | D:3      | Paralysed by Grinder for 3 turns
  2076 | D:3      | Killed Grinder
  2077 | D:3      | Reached skill level 10 in Ranged Weapons
  2077 | D:3      | Reached XP level 5. HP: 11/29 MP: 7/7
  2077 | D:3      | Reached XP level 6. HP: 13/34 MP: 8/8
  2077 | D:3      | 2077 ||| FLEEEEING.
  2078 | D:3      | 2078 ||| FLEEEEING.
  2079 | D:3      | 2079 ||| FLEEEEING.
  2080 | D:3      | 2080 ||| FLEEEEING.
  2081 | D:3      | 2081 ||| FLEEEEING.
  2082 | D:3      | 2082 ||| FLEEEEING.
  2083 | D:3      | 2083 ||| FLEEEEING.
  2084 | D:3      | 2084 ||| FLEEEEING.
  2089 | D:3      | 2089 ||| FLEEEEING.
  2090 | D:3      | 2090 ||| FLEEEEING.
  2091 | D:3      | 2091 ||| FLEEEEING.
  2092 | D:3      | 2092 ||| FLEEEEING.
  2093 | D:3      | 2093 ||| FLEEEEING.
  2094 | D:3      | 2094 ||| FLEEEEING.
  2095 | D:3      | 2095 ||| FLEEEEING.
  2096 | D:3      | 2096 ||| FLEEEEING.
  2097 | D:3      | 2097 ||| FLEEEEING.
  2098 | D:3      | 2098 ||| FLEEEEING.
  2099 | D:3      | 2099 ||| FLEEEEING.
  2100 | D:3      | 2100 ||| FLEEEEING.
  2102 | D:3      | 2102 ||| FLEEEEING.
  2103 | D:3      | 2103 ||| FLEEEEING.
  2104 | D:3      | 2104 ||| FLEEEEING.
  2105 | D:3      | 2105 ||| FLEEEEING.
  2106 | D:3      | 2106 ||| FLEEEEING.
  2107 | D:3      | 2107 ||| FLEEEEING.
  2108 | D:3      | 2108 ||| FLEEEEING.
  2109 | D:3      | 2109 ||| FLEEEEING.
  2110 | D:3      | 2110 ||| FLEEEEING.
  2111 | D:3      | 2111 ||| FLEEEEING.
  2112 | D:3      | 2112 ||| FLEEEEING.
  2119 | D:3      | 2119 ||| STAIRDANCE
  2159 | D:2      | 2159 ||| UPGRADING to +0 ring mail.
  2169 | D:2      | 2169 ||| DROPPING +0 leather armour.
  2170 | D:2      | 2170 ||| READING scroll labelled HOAVVI REIH.
  2171 | D:2      | 2171 ||| DRINKING 2 golden potions.
  2321 | D:3      | Found a hazy altar of Hepliaklqana.
  2354 | D:3      | 2354 ||| READING scroll labelled YBRO NUOFU.
  2355 | D:3      | 2355 ||| READING scroll labelled WADEASCH XURUNY.
  2356 | D:3      | 2356 ||| DRINKING 2 fuming white potions.
  2383 | D:3      | 2383 ||| DROPPING potion of lignification.
  2433 | D:4      | 2433 ||| FLEEEEING.
  2438 | D:4      | 2438 ||| FLEEEEING.
  2444 | D:4      | 2444 ||| Stepping ~*~*~tactically~*~*~ (outnumbered).
  2459 | D:4      | 2459 ||| FLEEEEING.
  2462 | D:4      | HP: 4/35 [gnoll/+0 whip[a gnoll bouda] (7)]
  2463 | D:4      | Slain by a gnoll

Levels and vault maps discovered:
D:1:      nicolae_arrival_memento_mori, layout_basic, reono_crystal_passage,
          chequers_serial_rivers_micro_d, nicolae_hexahallways,
          palyth_stone_intersect, corexii_corridor_pit,
          corexii_leaking_fountain, chequers_serial_rivers_marsh
D:2:      layout_loops_corners, serial_shops, shop, basic_altar,
          grunt_ministairs_2, hangedman_decor_points
D:3:      layout_basic, nicolae_overflow_ecumenical_swirl,
          worldfamousw_hep_ancestral_shrine, uniq_grinder, uniq_natasha
D:4:      layout_loops_cross, gammafunk_ghost_split, grunt_tough_drop

Skill      XL: |  1  2  3  4  5  6 |
---------------+-------------------+-----
Ranged Weapons | 6 7 10 | 10.0
Fighting       | 2 |  2.2
Dodging        | |  2.6
Stealth        | |  1.2

Action                     |  1- 3 |  4- 6 || total
---------------------------+-------+-------++-------
   Fire: Shortbow          |   110 |    94 ||   204
    Use: Scroll            |       |     5 ||     5
         Potion            |       |     4 ||     4
 Armour: Leather armour    |     8 |     8 ||    16
         Ring mail         |       |     1 ||     1
  Dodge: Dodged            |    18 |    18 ||    36

Table legend:
 A = Non-vault XP
 B = Vault XP
 C = Vault XP percentage of total XP
 D = Non-vault monster count
 E = Vault monster count
 F = Vault count percentage of total count
                 A         B        C        D         E       F
            +---------+---------+-------+---------+---------+-------
      Total |     254 |     302 |  54.3 |      67 |       3 |   4.3
            +---------+---------+-------+---------+---------+-------
        D:1 |      53 |       0 |   0.0 |      30 |       0 |   0.0
        D:2 |      57 |       7 |  10.9 |      17 |       2 |  10.5
        D:3 |      73 |     295 |  80.2 |      17 |       1 |   5.6
        D:4 |      71 |       0 |   0.0 |       3 |       0 |   0.0
            +---------+---------+-------+---------+---------+-------
